 Dungeon Crawl Stone Soup version 0.30-a0-394-g3e4acdb0ae (webtiles) character file.

Game seed: 9673882958542701512

1891 NinjaNoafa the Arsonist (level 8, -1/57 HPs)
             Began as a Pale Draconian Fire Elementalist on Dec 6, 2022.
             Engulfed by a cloud of flame (4 damage)
             ... on level 6 of the Dungeon.
             The game lasted 00:11:08 (7497 turns).

NinjaNoafa the Arsonist (DrFE)                      Turns: 7497, Time: 00:11:09

Health: -1/57      AC:  8    Str: 17    XL:     8   Next: 93%
Magic:  5/18       EV: 12    Int: 17    God:
Gold:   717        SH:  0    Dex: 12    Spells: 15/21 levels left

rFire   . . .      SeeInvis .    e - +2 war axe (vorpal)
rCold   . . .      Faith    .    (no shield)
rNeg    . . .      Spirit   .    (body armour unavailable)
rPois   .          Reflect  .    (helmet restricted)
rElec   .          Harm     .    x - +0 cloak
rCorr   .          Rampage  .    (no gloves)
Will    .....                    I - +0 pair of boots
Stlth   ++........               (no amulet)
HPRegen 0.29/turn                q - +6 ring of strength
MPRegen 0.16/turn                (no ring)

@: no status effects
A: breathe steam, AC +6, unfitting armour, cold-blooded, steam resistance
a: Breathe Steam


You were on level 6 of the Dungeon.
You visited 1 branch of the dungeon, and saw 6 of its levels.
You also visited: Sewer and Ossuary.

You collected 717 gold pieces.

Inventory:

Hand Weapons
 e - a +2 vorpal war axe (weapon)
 y - a +2 short sword of venom
Missiles
 c - 70 stones
 f - 6 boomerangs
 A - 13 poisoned darts
 B - 2 curare-tipped darts
Armour
 x - a +0 cloak (worn)
 I - a +0 pair of boots (worn)
 J - a +0 tower shield
Magical Staves
 E - a staff of cold
Jewellery
 q - a +6 ring of strength (left hand)
 K - a ring of wizardry
Wands
 F - a wand of paralysis (7)
 L - a wand of flame (11)
Scrolls
 d - 2 scrolls of teleportation
 g - a scroll of blinking {unknown}
 j - 2 scrolls of vulnerability {unknown}
 l - a scroll of torment {unknown}
 o - 2 scrolls of magic mapping {unknown}
 r - 2 scrolls of enchant weapon {unknown}
 s - 2 scrolls of fog {unknown}
 u - a scroll of brand weapon {unknown}
 w - a scroll of silence {unknown}
 D - a scroll of poison {unknown}
 G - a scroll of identify
Potions
 a - 3 potions of magic
 b - 2 potions of flight
 h - 2 potions of attraction {unknown}
 i - a potion of berserk rage {unknown}
 k - 3 potions of heal wounds
 m - 2 potions of lignification
 n - 4 potions of curing
 p - a potion of haste {unknown}
 t - 2 potions of invisibility {unknown}
 v - a potion of ambrosia {unknown}
 z - 2 potions of degeneration {unknown}
 C - a potion of mutation {unknown}
 H - a potion of might {unknown}


   Skills:
 - Level 1.7 Dodging
 - Level 1.7 Stealth
 + Level 7.2 Spellcasting
 - Level 3.0 Conjurations
 - Level 3.0 Hexes
 + Level 8.8 Fire Magic


You had 15 spell levels left.
You knew the following spells:

 Your Spells              Type           Power      Damage    Failure   Level
a - Foxfire               Conj/Fire      100%       2x1d9     1%          1
b - Scorch                Fire           72%        2d9       1%          2
c - Inner Flame           Hex/Fire       26%        N/A       3%          3

Your spell library contained the following spells:

 Spells                   Type           Power      Damage    Failure   Level
 Kiss of Death            Conj/Necr      44%        2d8       6%          1
 Confusing Touch          Hex            16%        N/A       10%         3
 Kindle Blastsparks       Fire/Tloc/Air  32%        2d12      10%         3
 Flame Wave               Conj/Fire      26%        2d8       10%         4
 Sticky Flame             Conj/Fire      26%        2d5       10%         4
 Gell's Gravitas          Tloc           6%         N/A       34%         3
 Teleport Other           Tloc           6%         N/A       34%         3
 Dispel Undead            Necr           6%         3d8       75%         4
 Dispersal                Tloc           3%         N/A       100%        6


Dungeon Overview and Level Annotations

Branches:
Dungeon (6/15)              Sewer (visited)         Ossuary (visited)
 Temple: D:4-7

Altars:
Fedhas
Kikubaaqudgha
Uskayaw


Innate Abilities, Weirdness & Mutations

You can breathe blasts of scalding, opaque steam.
Your pale cyan-grey scales are hard. (AC +6)
You cannot fit into any form of body armour.
You are cold-blooded and may be slowed by cold attacks.
You are immune to the effects of steam.


Message History

A troll comes into view.
A troll is nearby!
A troll is nearby!
Casting: Foxfire (safe; 1% risk of failure)
Confirm with . or Enter, or press ? or * to list all spells.
You conjure some foxfire!
Casting: Foxfire (safe; 1% risk of failure)
Confirm with . or Enter, or press ? or * to list all spells.
You conjure some foxfire!
The foxfire hits the troll.
The troll is lightly wounded.
Casting: Foxfire (safe; 1% risk of failure)
Confirm with . or Enter, or press ? or * to list all spells.
You conjure some foxfire!
The foxfire hits the troll!
The troll is moderately wounded.
The foxfire hits the troll.
The troll is moderately wounded.
The foxfire hits the troll but does no damage.
The troll is moderately wounded.
The troll barely misses you. The troll claws you. The troll barely misses you.
Casting: Foxfire (safe; 1% risk of failure)
Confirm with . or Enter, or press ? or * to list all spells.
Aiming: Inner Flame (dangerous; 3% risk of failure)
Press: ? - help, Dir - move target, f - troll
Aim: a troll (moderately wounded, ally target, chance to affect: 81%)
The troll is filled with an inner flame.
The foxfire hits the troll.
Flame seeps out of the troll.
The troll is heavily wounded.
The foxfire hits the troll but does no damage.
The troll is heavily wounded.
The troll is engulfed in blazing flames.
Flame seeps out of the troll.
The troll bites you. The troll claws you. x2
Casting: Inner Flame (dangerous; 3% risk of failure)
Confirm with . or Enter, or press ? or * to list all spells.
Flames lash the troll.
The troll explodes!
The fiery explosion engulfs you!!
Ouch! That really hurt!
* * * LOW HITPOINT WARNING * * *
You are engulfed in blazing flames.
You die...

#####...##
#.##.###.# ##'##
#........# #.)##
####.#####
##.#.#######..#
##.###.........#
##.##
####.....######
#.##
#.....##...##
##.#
#...§.#○☼...#
######
+..8.@'.☼...#
..####
#...§○#§☼...#
.....#
#...§§##...##
#.###### ###'###
#### ### #.# ..
# #.# ... # #.#
#.. # #.#####..
# ##.#...#


There were no monsters in sight!

Vanquished Creatures
  A manticore (D:6)
  A troll (D:6)
  Grinder (D:5)
  A wyvern (D:5)
  2 water moccasins
  An ice beast (D:5)
  An ogre (D:6)
  2 black bears
  A bullfrog (D:6)
  A necrophage (D:5)
  A scorpion (D:5)
  2 orc priests (D:4)
  5 iguanas
  An orc wizard (D:4)
  2 mummies (Ossuary)
  6 adders
  3 gnolls (D:5)
  2 ufetubi (D:5)
  A worm (D:2)
  14 orcs
  7 ball pythons
  7 bats
  4 endoplasms
  A giant cockroach (D:1)
  4 gnoll zombies (Ossuary)
  7 hobgoblins
  4 jackals
  3 frilled lizards
  9 goblins
  3 goblin zombies (Ossuary)
  2 hobgoblin zombies (Ossuary)
  6 kobolds
  5 orc zombies (Ossuary)
  3 rats
114 creatures vanquished.

Vanquished Creatures (others)
  385 foxfires
  A withered plant (D:5)
386 creatures vanquished.

Grand Total: 500 creatures vanquished

Notes
Turn   | Place    | Note
-------+----------+-------------------------------------------
     0 | D:1      | NinjaNoafa the Draconian Fire Elementalist began the quest
                  | for the Orb.
     0 | D:1      | Reached XP level 1. HP: 14/14 MP: 3/3
   321 | D:1      | Reached XP level 2. HP: 20/20 MP: 1/5
  1002 | D:2      | Learned a level 2 spell: Scorch
  1164 | D:2      | Found a blossoming altar of Fedhas.
  1392 | D:2      | You fall into a shaft and drop 1 floor!
  1442 | D:3      | Reached XP level 3. HP: 26/26 MP: 3/7
  3331 | D:4      | Found a sand-covered staircase.
  3340 | Ossuary  | Entered an ossuary
  3454 | Ossuary  | Reached XP level 4. HP: 32/33 MP: 5/10
  3759 | D:4      | Reached skill level 4 in Fire Magic
  3871 | D:4      | Reached XP level 5. HP: 30/38 MP: 2/11
  4245 | D:4      | Reached skill level 5 in Fire Magic
  4893 | D:5      | Entered Level 5 of the Dungeon
  4893 | D:5      | Noticed a water moccasin
  4893 | D:5      | Noticed a wyvern
  4922 | D:5      | Noticed Grinder
  4927 | D:5      | Killed Grinder
  4928 | D:5      | Reached XP level 6. HP: 19/45 MP: 1/12
  5083 | D:5      | Your scales start taking on a pale cyan-grey colour.
  5083 | D:5      | Reached skill level 6 in Fire Magic
  5083 | D:5      | Reached XP level 7. HP: 49/50 MP: 1/14
  5083 | D:5      | Gained mutation: You are immune to the effects of steam.
                  | [Pale Draconian growth]
  5351 | D:5      | Found an ancient bone altar of Kikubaaqudgha.
  5447 | D:5      | Killed a wyvern
  5448 | D:5      | Reached skill level 5 in Spellcasting
  5537 | D:5      | Reached skill level 7 in Fire Magic
  5843 | D:5      | Learned a level 3 spell: Inner Flame
  5988 | D:5      | Reached skill level 1 in Hexes
  5988 | D:5      | Reached XP level 8. HP: 57/57 MP: 11/17
  6370 | D:6      | Found a glowing drain.
  6383 | Sewer    | Entered a sewer
  6664 | D:6      | Found a hide-covered altar of Uskayaw.
  7357 | D:6      | Reached skill level 8 in Fire Magic
  7482 | D:6      | Noticed a manticore
  7488 | D:6      | Killed a manticore
  7492 | D:6      | Noticed a troll
  7497 | D:6      | Killed a troll
  7497 | D:6      | Engulfed by a cloud of flame

Illustrated notes

Levels and vault maps discovered:
D:1:      erik_arrival_blinker_ship, layout_basic,
          nicolae_concentric_dashed_squares_wild
D:2:      layout_basic, basic_altar
D:3:      layout_basic
D:4:      layout_loops_ring, enter_ossuary_3, minmay_between
D:5:      layout_basic, kiku_gazebo_garden_becter, uniq_grinder
D:6:      layout_loops_corners, mainiacjoe_overflow_alcove_1,
          portal_sewer_entry_d, minmay_three_doors

Skill      XL: |  1  2  3  4  5  6  7  8 |
---------------+-------------------------+-----
Spellcasting   | 3 4 6 7 |  7.2
Fire Magic     | 4 5 6 7 8 |  8.8
Conjurations   | 3 |  3.0
Hexes          | 1 3 |  3.0
Dodging        | |  1.7
Stealth        | |  1.7

Action                   |  1- 3 |  4- 6 |  7- 9 || total
-------------------------+-------+-------+-------++-------
Melee: Hand axe          |     5 |       |       ||     5
       Staff             |     7 |    24 |       ||    31
       Tailslap          |     1 |     3 |       ||     4
       War axe           |       |       |     9 ||     9
 Cast: Foxfire           |   106 |    91 |    44 ||   241
       Scorch            |    21 |    18 |    28 ||    67
       Inner Flame       |       |       |     6 ||     6
 Abil: Breathe Steam     |       |       |     2 ||     2
  Use: Scroll            |     1 |       |     4 ||     5
       Potion            |       |       |     1 ||     1
Armor: Skin              |    19 |    27 |    16 ||    62
Dodge: Dodged            |    46 |    66 |    46 ||   158

Table legend: (Time is in decaauts)
 A = Elapsed time spent in this place.
 B = Non-inter-level travel time spent in this place.
 C = Inter-level travel time spent in this place.
 D = Time resting spent in this place.
 E = Time spent auto-exploring this place.
 F = Levels seen in this place.
 G = Mean time per level.
                   A        B        C        D        E       F      G
               +--------+--------+--------+--------+--------+-----+--------+
         Total |   7538 |   7295 |    243 |    109 |   5961 |   8 |  942.2 |
       Dungeon |   6852 |   6609 |    243 |    109 |   5455 |   6 | 1142.0 |
         Sewer |    286 |    286 |      0 |      0 |    188 |   1 |  286.0 |
       Ossuary |    400 |    400 |      0 |      0 |    318 |   1 |  400.0 |
               +--------+--------+--------+--------+--------+-----+--------+

Top non-repeatable levels by time:
     D:5: 1334 daAuts
     D:2: 1304 daAuts
     D:4: 1290 daAuts
     D:1: 1023 daAuts
     D:6: 985 daAuts
     D:3: 914 daAuts
 Ossuary: 400 daAuts
   Sewer: 286 daAuts
